 Dungeon Crawl Stone Soup version 0.31.0-32-g396128a36d (webtiles) character file.

Game seed: 437627587474631339

462 Xeniu the Sneak (level 7, 0/41 HPs)
             Began as an Octopode Ice Elementalist on Mar 14, 2024.
             Slain by an ogre
             ... wielding a +0 giant club
              (21 damage)
             ... on level 5 of the Dungeon.
             The game lasted 00:13:02 (3438 turns).

Xeniu the Sneak (Octopode Ice Elementalist)         Turns: 3438, Time: 00:13:02

Health: 0/41       AC:  1    Str:  7    XL:     7   Next: 7%
Magic:  10/10      EV: 15    Int: 19    God:
Gold:   288        SH:  0    Dex: 19    Spells: 6/10 levels left

rFire   . . .        b - +2 dagger (drain)
rCold   . . .        (no shield)
rNeg    . . .        (helmet restricted)
rPois   .            (no amulet)
rElec   .            c - ring of willpower
rCorr   .            k - +6 ring of dexterity
SInv    .            (no ring)
Will    +....        (no ring)
Stlth   +++++        (no ring)
HPRegen 0.26/turn    (no ring)
MPRegen 0.12/turn    (no ring)
                     (no ring)

%: no passive effects
@: no status effects
A: almost no armour, amphibious, 8 rings, camouflage 1, gelatinous body 1,
(nimble swimmer 1), tentacles
a: no special abilities


You were on level 5 of the Dungeon.
You visited 1 branch of the dungeon, and saw 5 of its levels.

You collected 288 gold pieces.

Inventory:

Hand Weapons
 b - a +2 dagger of draining (weapon)
 v - a +2 quarterstaff of chaos
Jewellery
 c - a ring of willpower (left tentacle)
 k - a +6 ring of dexterity (right tentacle)
Wands
 p - a wand of charming (9)
Scrolls
 d - 3 scrolls of teleportation {unknown}
 f - 4 scrolls of identify {unknown}
 g - a scroll of vulnerability {unknown}
 h - 3 scrolls of enchant armour {unknown}
 l - a scroll of poison {unknown}
 m - 2 scrolls of revelation {unknown}
 q - a scroll of fog {unknown}
 s - a scroll of acquirement {unknown}
 u - 3 scrolls of enchant weapon {unknown}
 w - a scroll of brand weapon {unknown}
 x - a scroll of amnesia {unknown}
 y - a scroll of silence {unknown}
Potions
 a - a potion of magic
 e - a potion of haste {unknown}
 i - a potion of heal wounds {unknown}
 j - a potion of berserk rage {unknown}
 n - a potion of enlightenment {unknown}
 o - a potion of lignification {unknown}
 r - 2 potions of curing {unknown}
 t - a potion of invisibility {unknown}


   Skills:
 * Level 4.5 Dodging
 * Level 6.4 Stealth
 - Level 2.0 Spellcasting
 * Level 5.7 Ice Magic


You had 6 spell levels left.
You knew the following spells:

 Your Spells              Type           Power      Damage    Failure   Level
a - Freeze                Ice            92%        1d9       1%          1
b - Frozen Ramparts       Ice            46%        1d7       4%          3

Your spell library contained the following spells:

 Spells                   Type           Power      Damage    Failure   Level
 Ozocubu's Armour         Ice            23%        N/A       4%          3
 Summon Ice Beast         Ice/Summ       12%        N/A       16%         3
 Sublimation of Blood     Necr           1%         N/A       26%         2
 Petrify                  Alch/Erth      1%         N/A       86%         4
 Irradiate                Conj/Alch      0%         3d11      99%         5


Dungeon Overview and Level Annotations

Branches:
Dungeon (5/15)
 Temple: D:4-7

Altars:
Elyvilon
Ru
Uskayaw
Yredelemnul
Zin


Innate Abilities, Weirdness & Mutations

You cannot wear most types of armour.
You are amphibious.
You can wear up to eight rings at the same time.
Your skin changes colour to match your surroundings (Stealth+).
Your rubbery body absorbs attacks. (AC +1, EV +1)
((You are camouflaged when in or above water. (Stealth+)))
You have tentacles for arms and can constrict up to eight enemies at once.


Message History

The iguana attacks as it pursues you! The iguana closely misses you.
The iguana attacks as it pursues you! The iguana bites you.
The iguana attacks as it pursues you! The iguana bites you.
The iguana seems less drained.
The iguana attacks as it pursues you! The iguana misses you.
The iguana closely misses you. The iguana attacks as it pursues you!
The iguana barely misses you.
There is a stone staircase leading down here.
You climb downwards.
There is a stone staircase leading up here.
You start resting.
HP restored.
You climb upwards.
The ogre completely misses you. The iguana closely misses you.
The iguana completely misses you.
There is a stone staircase leading down here.
You barely miss the ogre. You squeeze the ogre, but do no damage.
The ogre barely misses you. The iguana closely misses you.
You hit the iguana but do no damage. You drain the iguana. You grab the iguana.
You squeeze the iguana.
The iguana is heavily wounded.
You constrict the iguana, but do no damage.
The ogre misses you. The iguana closely misses you.
You hit the iguana but do no damage.
The iguana is heavily wounded.
You constrict the iguana, but do no damage.
The iguana bites you!
You hit the iguana but do no damage. You drain the iguana.
The iguana is almost dead.
You constrict the iguana. The ogre barely misses you.
The iguana closely misses you.
You hit the iguana.
You kill the iguana!
The ogre hits you with a +0 giant club!
You climb downwards.
There is a stone staircase leading up here.
You hit the ogre. You squeeze the ogre, but do no damage.
The ogre is lightly wounded.
The ogre hits you with a +0 giant club!!
Ouch! That really hurt!
You die...

.. #. #..#.
#..#.######
#.........# .
#.........# ...
..........#....
#.#.....O......
#......@.#
..#..##### #


You could see an ogre.

Vanquished Creatures
  An ogre (D:4)
  A phantom (D:4)
  2 hounds (D:4)
  Crazy Yiuf (D:3)
  2 iguanas (D:4)
  7 adders
  3 dart slugs
  A ribbon worm (D:4)
  5 orcs
  10 endoplasms
  A giant cockroach (D:4)
  10 goblins
  9 hobgoblins
  11 kobolds
  5 quokkas
  13 ball pythons
  8 bats
  2 frilled lizards
  6 rats
98 creatures vanquished.

Notes
Turn   | Place    | Note
-------+----------+-------------------------------------------
     0 | D:1      | Xeniu the Octopode Ice Elementalist began the quest for the
                  | Orb.
     0 | D:1      | Reached XP level 1. HP: 11/11 MP: 3/3
   102 | D:1      | Reached skill level 3 in Stealth
   129 | D:1      | Reached XP level 2. HP: 17/17 MP: 5/5
   530 | D:1      | Reached XP level 3. HP: 21/21 MP: 6/6
  1228 | D:2      | Reached skill level 4 in Stealth
  1280 | D:2      | Reached XP level 4. HP: 27/27 MP: 7/7
  1898 | D:3      | Found a sacrificial altar of Ru.
  1928 | D:3      | Found a basalt altar of Yredelemnul.
  1929 | D:3      | Found a white marble altar of Elyvilon.
  1929 | D:3      | Found a hide-covered altar of Uskayaw.
  1929 | D:3      | Found a glowing silver altar of Zin.
  2126 | D:3      | Reached XP level 5. HP: 19/31 MP: 8/8
  2135 | D:3      | Learned a level 3 spell: Frozen Ramparts
  2332 | D:3      | Found a runed translucent door.
  2333 | D:3      | Noticed Crazy Yiuf
  2399 | D:3      | Found a faded altar of an unknown god.
  2474 | D:3      | Killed Crazy Yiuf
  2604 | D:4      | Reached skill level 5 in Stealth
  2604 | D:4      | Reached skill level 5 in Ice Magic
  2606 | D:4      | Noticed an ogre
  2609 | D:4      | Killed an ogre
  2610 | D:4      | Reached XP level 6. HP: 36/36 MP: 9/9
  2901 | D:4      | Reached skill level 6 in Stealth
  3304 | D:4      | Reached XP level 7. HP: 35/41 MP: 10/10
  3357 | D:5      | Entered Level 5 of the Dungeon
  3438 | D:5      | Slain by an ogre

Illustrated notes

Levels and vault maps discovered:
D:1:      minmay_arrival_jagged, layout_loops_corners, minmay_misc_feat_x,
          minmay_pentomino_t4
D:2:      layout_rooms
D:3:      layout_basic, grunt_temple_overflow_open,
          hellmonk_ecumenical_altar_crossroads, minmay_distorted,
          uniq_crazy_yiuf_cottage
D:4:      minmay_thinvault, layout_rooms
D:5:      layout_basic, nicolae_overflow_two_pavilions, serial_rivers,
          chequers_serial_rivers_micro_b, chequers_serial_rivers_room_b,
          chequers_serial_rivers_small_3, chequers_serial_rivers_micro_d,
          chequers_serial_rivers_room_b, chequers_serial_rivers_micro_a,
          gammafunk_ghost_arena

Skill      XL: |  1  2  3  4  5  6 |
---------------+-------------------+-----
Stealth        | 3 4 5 6 |  6.4
Dodging        | 3 4 |  4.5
Ice Magic      | 5 |  5.7
Spellcasting   | |  2.0

Action                     |  1- 3 |  4- 6 |  7- 9 || total
---------------------------+-------+-------+-------++-------
  Melee: Unarmed           |    13 |       |       ||    13
         Constrict         |    17 |    16 |     2 ||    35
         Dagger            |    62 |   107 |    12 ||   181
         Tentacles         |     9 |    19 |     5 ||    33
         Punch             |       |     3 |       ||     3
   Stab: Sleeping          |    12 |    19 |       ||    31
         Distracted        |       |     1 |       ||     1
 Armour: Skin              |    28 |    35 |     8 ||    71
  Dodge: Dodged            |    33 |    58 |    17 ||   108
